 Dungeon Crawl Stone Soup version 0.30.1-3-gfc49f6343a (webtiles) character file.

Game seed: 16816542055659802582

12233 Babbit the Cleaver (level 11, -9/99 HPs)
             Began as a Minotaur Fighter on Aug 3, 2023.
             Was an Elder of Okawaru.
             Succumbed to Sonja's poison
             ... on level 10 of the Dungeon.
             The game lasted 00:49:23 (8926 turns).

Babbit the Cleaver (Minotaur Fighter)               Turns: 8926, Time: 00:49:24

Health: -9/99      AC: 19    Str: 26    XL:     11   Next: 59%
Magic:  13/13      EV:  7    Int:  5    God:    Okawaru [****..]
Gold:   563        SH:  6    Dex: 12    Spells: 10/10 levels left

rFire   . . .        E - +2 war axe
rCold   . . .        c - +0 buckler
rNeg    + . .        I - +0 plate armour
rPois   .            (helmet restricted)
rElec   .            i - +0 cloak
rCorr   +            B - +0 pair of gloves of Hysteria {Fly rCorr Dex+3}
SInv    .            L - +1 pair of boots
Will    +....        H - amulet of regeneration Stlth
                     h - ring of positive energy
HPRegen 1.16/turn    r - ring of willpower
MPRegen 0.13/turn

%: no passive effects
@: lethally poisoned (-9 -> -69), flying, slowed, very slow
A: horns 2, retaliatory headbutt
a: Renounce Religion, Heroism, Finesse


You were on level 10 of the Dungeon.
You worshipped Okawaru.
Okawaru was greatly pleased with you.
You visited 2 branches of the dungeon, and saw 11 of its levels.

You collected 563 gold pieces.

Inventory:

Hand Weapons
 f - the +11 hammer of the First Planets {heavy, Contam Str+4}
   (You found it on level 5 of the Dungeon)

   Str:       It affects your strength (+4).
   Contam:    It causes magical contamination when unequipped.
 E - a +2 war axe (weapon)
Missiles
 m - 2 throwing nets
 o - 16 boomerangs (quivered)
 K - a javelin
Armour
 c - a +0 buckler (worn)
 i - a +0 cloak (worn)
 A - a +1 ring mail of cold resistance
 B - the +0 pair of gloves of Hysteria (worn) {Fly rCorr Dex+3}
   (You found it on level 6 of the Dungeon)

   Dex:       It affects your dexterity (+3).
   Fly:       It grants you flight.
   rCorr:     It protects you from acid and corrosion.
 I - a +0 plate armour (worn)
 L - a +1 pair of boots (worn)
Jewellery
 h - a ring of positive energy (left hand)
 r - a ring of willpower (right hand)
 D - a ring of willpower
 H - an amulet of regeneration (around neck)
Wands
 a - a wand of iceblast (27)
 x - a wand of polymorph (10)
 y - a wand of charming (13)
Scrolls
 e - 6 scrolls of teleportation
 g - 3 scrolls of magic mapping
 j - a scroll of enchant weapon {unknown}
 l - 4 scrolls of poison
 t - a scroll of fear {unknown}
 w - a scroll of torment {unknown}
 G - a scroll of identify
 J - a scroll of noise {unknown}
Potions
 b - 2 potions of ambrosia
 d - a potion of might
 k - 2 potions of magic
 p - a potion of invisibility {unknown}
 q - 2 potions of lignification
 s - 2 potions of haste {unknown}
 u - 2 potions of brilliance
 v - a potion of cancellation {unknown}
 z - 3 potions of mutation
 C - 3 potions of flight
 M - a potion of berserk rage {unknown}


   Skills:
 + Level 9.9 Fighting
 * Level 13.2 Axes
 - Level 5.0 Throwing
 + Level 10.0 Armour
 + Level 9.9 Shields
 + Level 4.9 Invocations


You had 10 spell levels left.
You didn't know any spells.
Your spell library contained the following spells:

 Spells                   Type           Power      Damage    Failure   Level
 Necrotise                Necr           0%         1d4       99%         1
 Ensorcelled Hibernation  Hex/Ice        0%         N/A       100%        2
 Inner Flame              Hex/Fire       0%         N/A       100%        3
 Ozocubu's Armour         Ice            0%         N/A       100%        3
 Spider Form              Tmut/Pois      0%         N/A       100%        3
 Vampiric Draining        Necr           0%         2d6       100%        3
 Anguish                  Hex/Necr       0%         N/A       100%        4
 Leda's Liquefaction      Hex/Erth       0%         N/A       100%        4
 Agony                    Necr           0%         N/A       100%        5
 Alistair's Intoxication  Tmut/Pois      0%         N/A       100%        5
 Metabolic Englaciation   Hex/Ice        0%         N/A       100%        5
 Yara's Violent Unravell  Hex/Tmut       0%         3d3       100%        5
 Enfeeble                 Hex            0%         N/A       100%        7
 Simulacrum               Ice/Necr       Unusable   N/A       N/A         6

Dungeon Overview and Level Annotations

Branches:
Dungeon (10/15)            Temple (1/1) D:7             Orc (0/2) D:9
   Lair: D:8-11

Altars:
Ashenzari
Cheibriados
Dithmenos
Elyvilon
Fedhas
Gozag
Hepliaklqana
Kikubaaqudgha
Makhleb
Okawaru
Qazlal
Ru
Sif Muna
Uskayaw
Vehumet
Wu Jian
Yredelemnul
Zin
The Shining One

Shops:
D:2 (   D:3 (   D:6 ?

Annotations:
D:10 Sonja


Innate Abilities, Weirdness & Mutations

You have a pair of horns on your head.
You reflexively headbutt those who attack you in melee.


Message History

Sonja hits you but does no damage. x2
You are more poisoned.
Sonja hits you but does no damage.
You are more poisoned.
Sonja closely misses you. You block Sonja's attack.
You are too injured to fight recklessly!
You feel much better.
* * * LOW HITPOINT WARNING * * *
You feel extremely sick. Sonja hits you but does no damage.
You are more poisoned.
Sonja hits you but does no damage. x2
You are more poisoned.
You block Sonja's attack.
Sonja hits you with a +2 short sword of venom.
* * * LOW HITPOINT WARNING * * *
You are more poisoned.
Sonja barely misses you.
You feel much better.
* * * LOW HITPOINT WARNING * * *
You feel extremely sick.
A wolf comes into view.
Sonja mumbles some strange words.
Sonja blinks!
* * * LOW HITPOINT WARNING * * *
You feel extremely sick.
The wolf howls!
Sonja hits you but does no damage.
You are more poisoned.
Sonja hits you but does no damage.
Sonja hits you with a +2 short sword of venom.
* * * LOW HITPOINT WARNING * * *
You are more poisoned.
Sonja hits you with a +2 short sword of venom.
* * * LOW HITPOINT WARNING * * *
You are more poisoned.
You block Sonja's attack. x2
You miss Sonja.
Sonja is almost dead.
You die...

################..#
##.# #.# #)## #†.#
##†.## #....#
####...#.###
#...@K....>.
#.............#
#......#~#.....#
................#
....#...h..#.....
.....##..#..#...c
....# #...###.#.
.... .... #


You could see Sonja and a wolf.

Vanquished Creatures
  A two-headed ogre (D:9)
  A rime drake (D:10)
  A kobold demonologist (D:9)
  A troll (D:10)
  Grinder (D:4)
  A shadow (D:8)
  Sigmund (D:5)
  4 slime creatures (D:9)
  3 wyverns
  20 yaks
  Eustachio (D:5)
  Menkaure (D:5)
  3 steam dragons
  Edmund (D:5)
  An acid dragon (D:10)
  2 water moccasins
  6 orc warriors
  A black bear (D:7)
  6 ice beasts
  A sky beast (D:8)
  3 wolves (D:10)
  2 centaurs
  A phantom (D:6)
  13 kobold brigands
  5 bullfrogs
  2 gnoll sergeants
  3 scorpions
  7 wights
  9 killer bees (D:9)
  5 howler monkeys
  3 iron imps (D:3)
  6 orc priests
  3 hounds
  Crazy Yiuf (D:5)
  3 jellies
  3 sleepcaps
  Jessica (D:3)
  2 iguanas (D:5)
  Ijyb (D:4)
  9 orc wizards
  Natasha (D:3)
  8 gnolls
  6 adders
  5 white imps
  A worm (D:3)
  4 dart slugs
  24 orcs
  8 endoplasms
  4 giant cockroaches
  9 goblins
  8 hobgoblins
  4 jackals (D:3)
  7 quokkas
  6 ball pythons
  3 bats
  3 frilled lizards
  22 kobolds
  7 rats
269 creatures vanquished.

Vanquished Creatures (others)
  A gnoll (D:8)
1 creature vanquished.

Grand Total: 270 creatures vanquished

Notes
Turn   | Place    | Note
-------+----------+-------------------------------------------
     0 | D:1      | Babbit the Minotaur Fighter began the quest for the Orb.
     0 | D:1      | Reached XP level 1. HP: 19/19 MP: 0/0
    82 | D:1      | Reached XP level 2. HP: 16/27 MP: 1/1
   153 | D:1      | Reached skill level 3 in Axes
   459 | D:2      | Reached XP level 3. HP: 25/33 MP: 2/2
   693 | D:2      | Found Fyapneel's Weapon Emporium.
   834 | D:2      | Found a faded altar of an unknown god.
  1253 | D:3      | Found a glowing golden altar of the Shining One.
  1326 | D:3      | Found a burning altar of Makhleb.
  1342 | D:3      | Reached XP level 4. HP: 38/41 MP: 3/3
  1346 | D:3      | Reached skill level 4 in Axes
  1352 | D:3      | Reached XP level 5. HP: 34/47 MP: 4/4
  1487 | D:3      | Found Fucarad's Weapon Boutique.
  1559 | D:3      | Got the Opusculum on Fetid Doom
  1582 | D:3      | Reached skill level 5 in Axes
  1745 | D:3      | Reached skill level 5 in Fighting
  1745 | D:3      | Reached skill level 5 in Armour
  1745 | D:3      | Reached XP level 6. HP: 53/56 MP: 5/5
  1869 | D:3      | Noticed Jessica
  1873 | D:3      | Killed Jessica
  1874 | D:3      | Reached skill level 5 in Shields
  2111 | D:4      | Noticed Ijyb
  2112 | D:4      | Noticed Natasha
  2120 | D:4      | Killed Ijyb
  2128 | D:3      | Killed Natasha
  2285 | D:4      | Noticed Grinder
  2300 | D:4      | Killed Grinder
  2301 | D:4      | Reached skill level 6 in Axes
  2301 | D:4      | Reached skill level 1 in Throwing
  2301 | D:4      | Reached XP level 7. HP: 44/61 MP: 6/6
  2960 | D:5      | Entered Level 5 of the Dungeon
  3120 | D:5      | Noticed a yak
  3135 | D:5      | Reached skill level 7 in Axes
  3158 | D:5      | Killed a yak
  3159 | D:5      | Reached XP level 8. HP: 53/70 MP: 7/7
  3382 | D:5      | Found an ornate altar of the Wu Jian Council.
  3401 | D:5      | Noticed Sigmund
  3403 | D:5      | Noticed Eustachio
  3414 | D:5      | Noticed Menkaure
  3414 | D:5      | Noticed Edmund
  3426 | D:5      | Killed Menkaure
  3445 | D:5      | Killed Edmund
  3630 | D:5      | Identified the +11 hammer of the First Planets {heavy,
                  | Contam Str+4}
  3632 | D:5      | Found a runed translucent door.
  3633 | D:5      | Noticed Crazy Yiuf
  3642 | D:5      | Killed Crazy Yiuf
  3643 | D:5      | Reached skill level 8 in Axes
  3890 | D:5      | Killed Sigmund
  4077 | D:5      | Killed Eustachio
  4163 | D:5      | Found a glowing silver altar of Zin.
  4163 | D:5      | Noticed an angel
  4277 | D:6      | Reached XP level 9. HP: 70/79 MP: 8/8
  4351 | D:6      | Reached skill level 9 in Axes
  4583 | D:6      | Found Kinn's Magic Scroll Shop.
  4586 | D:6      | Identified the +0 pair of gloves of Hysteria {Fly rCorr
                  | Dex+3}
  5255 | D:7      | Reached skill level 10 in Axes
  5291 | D:7      | Identified the +0 dagger of Tedi {drain, rElec rC++ Str-5
                  | Stlth+}
  5299 | D:7      | Found a snail-covered altar of Cheibriados.
  5706 | D:7      | Found a staircase to the Ecumenical Temple.
  5719 | Temple   | Entered the Ecumenical Temple
  5822 | Temple   | Became a worshipper of Warmaster Okawaru
  6104 | D:7      | Reached skill level 5 in Throwing
  6104 | D:7      | Reached skill level 1 in Invocations
  6241 | D:7      | Reached XP level 10. HP: 49/88 MP: 9/9
  6243 | D:7      | Reached * piety under Okawaru
  6799 | D:8      | Reached skill level 11 in Axes
  7256 | D:9      | Reached ** piety under Okawaru
  7371 | D:9      | Reached skill level 12 in Axes
  7391 | D:9      | Reached *** piety under Okawaru
  7403 | D:9      | Found a flagged portal.
  7442 | D:9      | Noticed a two-headed ogre
  7449 | D:9      | Killed a two-headed ogre
  7449 | D:9      | Received a gift from Okawaru
  7450 | D:9      | Reached XP level 11. HP: 85/97 MP: 12/12
  8016 | D:9      | Reached **** piety under Okawaru
  8321 | D:9      | Found a staircase to the Orcish Mines.
  8582 | D:10     | Entered Level 10 of the Dungeon
  8595 | D:10     | Reached skill level 13 in Axes
  8698 | D:10     | Received a gift from Okawaru
  8872 | D:10     | Noticed Sonja
  8918 | D:10     | Reached skill level 10 in Armour
  8926 | D:10     | Succumbed to Sonja's poison

Illustrated notes

Levels and vault maps discovered:
D:1:      dpeg_arrival_ternary, layout_rooms
D:2:      layout_loops_cross, hellmonk_ecumenical_altar_defaced_shrine,
          serial_shops, nicolae_shop_stone
D:3:      layout_basic, mainiacjoe_overflow_concentric_impassable, demons_altar,
          serial_shops, nicolae_shop_pleasant_corner_grove, grunt_ministairs_14,
          minmay_fountain_box, kennysheep_jessica_study
D:4:      layout_rooms, serial_rivers, chequers_serial_rivers_room_a,
          chequers_serial_rivers_micro_b, chequers_serial_rivers_small_b,
          chequers_serial_rivers_marsh, uniq_natasha, uniq_ijyb, uniq_grinder
D:5:      minmay_chambers_of_fours, layout_rooms,
          nicolae_wu_jian_immortal_techniques, zin_angel, serial_bayou_lagoon_a,
          minmay_misc_feat_plants, grunt_decor_arrowhead, st_stairs_2,
          uniq_crazy_yiuf_cottage, uniq_sigmund, uniq_eustachio, uniq_menkaure,
          uniq_edmund
D:6:      layout_loops_ring, serial_aquarium, aquarium_bridge_square
          [aquarium_subvault_bridge, aquarium_subvault_wall,
          aquarium_subvault_balcony, aquarium_subvault_window],
          aquarium_bridge_straight [aquarium_subvault_bridge,
          aquarium_subvault_window, aquarium_subvault_bridge,
          aquarium_subvault_wall], aquarium_window_corridor_3,
          aquarium_window_1, aquarium_window_fake, aquarium_window_1,
          aquarium_view_2a, aquarium_view_2d, serial_shops, nicolae_square_shop
D:7:      layout_rooms, kennysheep_slug_shrine, minmay_temple_entry_stoned_glass
D:8:      layout_rooms
D:9:      hellmonk_destroyed_diamonds, layout_basic, david_orc_4, special_room
          [special_room_kobold], enter_bailey_5
D:10:     layout_basic, hellmonk_lair_entry_icy, minmay_misc_feat_iff,
          hellmonk_guarded_unrand_gong, uniq_harold, uniq_sonja
Temple:   minmay_crystal_spiral_temple

Skill      XL: |  1  2  3  4  5  6  7  8  9 10 11 |
---------------+----------------------------------+-----
Axes           | 3 4 5 6 7 8 10 12 13 | 13.2
Fighting       | 4 5 6 7 8 9 |  9.9
Armour         | 4 5 6 8 9 10 | 10.0
Shields        | 4 5 6 8 9 |  9.9
Throwing       | 1 2 3 5 |  5.0
Invocations    | 1 3 4 |  4.9

Action                     |  1- 3 |  4- 6 |  7- 9 | 10-12 || total
---------------------------+-------+-------+-------+-------++-------
  Melee: War axe           |    72 |    72 |   248 |   316 ||   708
         Headbutt          |    13 |     9 |    50 |    66 ||   138
  Throw: Boomerang         |       |     4 |    12 |    31 ||    47
 Invoke: Finesse           |       |       |       |     1 ||     1
    Use: Scroll            |     1 |     1 |    12 |     3 ||    17
         Potion            |       |       |     2 |     7 ||     9
 Armour: Scale mail        |    21 |    25 |    23 |       ||    69
         Ring mail         |       |       |    90 |    14 ||   104
         Plate armour      |       |       |       |   193 ||   193
  Dodge: Dodged            |    39 |    27 |   132 |    94 ||   292
  Block: Buckler           |    22 |    18 |    69 |    96 ||   205
